 Dungeon Crawl Stone Soup version 0.32-a0-616-g9348d4545b (webtiles) character file.

Game seed: 2181294465357494377

2829 Implojin the Cleaver (level 9, -4/71 (74) HPs)
             Began as a Mountain Dwarf Monk on Mar 5, 2024.
             Was a Priest of Beogh.
             Succumbed to Orkwin's sting
             ... on level 7 of the Dungeon.
             The game lasted 00:11:27 (5295 turns).

Implojin the Cleaver (Mountain Dwarf Monk)          Turns: 5295, Time: 00:11:28

HP:   -4/71 (74)    AC: 10    Str: 23    XL:     9   Next: 45%
MP:   9/9           EV: 10    Int: 12    God:    Beogh [***...]
Gold: 80            SH:  0    Dex: 12    Spells: 8/8 levels left

rFire   . . .        o - +2 hand axe (heavy)
rCold   . . .        b - +0 buckler
rNeg    + . .        p - +0 scale mail
rPois   .            (no helmet)
rElec   .            I - +0 cloak
rCorr   .            (no gloves)
SInv    +            A - +1 pair of boots
Will    .....        u - amulet of the acrobat Stlth
                     t - ring of Qoumesid {rN+ Str+6 SInv}
HPRegen 0.31/turn    (no ring)
MPRegen 0.11/turn

%: acrobat
@: confused, lethally poisoned (-4 -> -36), ambrosia-drunk, on berserk cooldown,
slowed, lightly drained, very slow
A: runic magic, artefact enchanting
a: Renounce Religion, Smiting


You were on level 7 of the Dungeon.
You worshipped Beogh.
Beogh was most pleased with you.
You visited 1 branch of the dungeon, and saw 7 of its levels.

You collected 240 gold pieces.
You spent 160 gold pieces at shops.

Inventory:

Hand Weapons
 a - a +0 hand axe
 l - a +0 flail
 o - a +2 heavy hand axe (weapon)
 y - a +1 flail of protection
 F - a +2 hand axe of flaming
Missiles
 e - 64 stones
 h - 2 boomerangs
 j - 10 poisoned darts
 w - 3 throwing nets
Armour
 b - a +0 buckler (worn)
 p - a +0 scale mail (worn)
 A - a +1 pair of boots (worn)
 I - a +0 cloak (worn)
Jewellery
 t - the ring of Qoumesid (left hand) {rN+ Str+6 SInv}
   (You found it on level 3 of the Dungeon)

   [ring of strength]

   Str+6:     It affects your strength (+6).
   rN+:       It protects you from negative energy.
   SInv:      It lets you see invisible.
 u - an amulet of the acrobat (around neck)
 B - a +6 ring of strength
Wands
 m - a wand of mindburst (16)
Scrolls
 d - a scroll of teleportation {unknown}
 f - a scroll of fog
 i - a scroll of immolation
 r - a scroll of brand weapon {unknown}
 z - a scroll of enchant weapon {unknown}
 G - a scroll of silence {unknown}
Potions
 g - a potion of attraction {unknown}
 s - a potion of cancellation {unknown}
 v - 2 potions of invisibility
 x - a potion of degeneration {unknown}
 C - a potion of berserk rage
 D - a potion of lignification {unknown}
 E - a potion of enlightenment {unknown}


   Skills:
 - Level 5.0 Fighting
 - Level 13.3 Axes
 - Level 5.0 Armour
 - Level 2.1 Dodging
 * Level 4.5 Evocations


You had 8 spell levels left.
You didn't know any spells.
Your spell library contained the following spells:

 Spells                   Type           Power      Damage    Failure   Level
 Apportation              Tloc           0%         N/A       45%         1
 Necrotise                Necr           0%         1d4       45%         1
 Slow                     Hex            0%         N/A       45%         1
 Sting                    Conj/Alch      0%         1d3       45%         1
 Summon Small Mammal      Summ           0%         N/A       45%         1
 Cigotuvi's Dreadful Rot  Necr/Alch/Air  0%         N/A       61%         2
 Confusing Touch          Hex            0%         N/A       83%         3
 Sigil of Binding         Hex            0%         N/A       83%         3
 Vampiric Draining        Necr           0%         2d6       83%         3
 Dispel Undead            Necr           0%         3d6       99%         4
 Martyr's Knell           Necr/Summ      0%         N/A       99%         4
 Death Channel            Necr           0%         N/A       100%        6


Dungeon Overview and Level Annotations

Branches:
Dungeon (7/15)             Temple (0/1) D:5

Altars:
Elyvilon
Fedhas
Nemelex Xobeh
Okawaru
Qazlal
Sif Muna
Uskayaw
Yredelemnul

Shops:
D:4 [([![


Innate Abilities, Weirdness & Mutations

Your facial features look somewhat orcish.
Your spellcasting is much less encumbered by armour.
You can use scrolls of enchantment on lesser artefacts.


Message History

Aim: Orkwin the orc apostle, wielding a +0 dagger of draining and wearing a +2 robe of willpower (severely wounded, empowered by the touch of Beogh, 39% to hit)
You throw a throwing net. The throwing net closely misses Orkwin.
Orkwin gestures at you while chanting. The sting hits you!
You are poisoned.
Orkwin mumbles some strange words.
Orkwin blinks!
Danger: Low HP Warning |T3| Reason: 19% HP (14/71)
You feel much better.
You feel very sick.
You feel very sick. Orkwin casts a spell at you. The sting hits you!
You are more poisoned.
Danger: Low HP Warning |T3| Reason: 21% HP (15/71)
Aiming: Mindburst
Press: ? - help, Shift-Dir - straight line, f/p - Orkwin
Aim: Orkwin the orc apostle, wielding a +0 dagger of draining and wearing a +2 robe of willpower (severely wounded, empowered by the touch of Beogh, chance to affect: 18%)
Okay, then.
Throw: 3 throwing nets
Press: ? - help, Q - select action, (/) - cycle Shift-Dir - straight line, f/p - Orkwin
Aim: Orkwin the orc apostle, wielding a +0 dagger of draining and wearing a +2 robe of willpower (severely wounded, empowered by the touch of Beogh, 39% to hit)
Okay, then.
Okay, then.
Okay, then.
Okay, then.
Throw: dart (curare)
Press: ? - help, Q - select action, (/) - cycle Shift-Dir - straight line, f/p - Orkwin
Aim: Orkwin the orc apostle, wielding a +0 dagger of draining and wearing a +2 robe of willpower (severely wounded, empowered by the touch of Beogh, 39% to hit)
You throw a curare-tipped dart.
The curare-tipped dart barely misses Orkwin.
You feel extremely sick.
Orkwin points at you and mumbles some strange words.
The sting hits you.
You are more poisoned.
Danger: Low HP Warning |T3| Reason: 1% HP (1/71)
Okay, then.
You are confused.
You feel invigorated.
You die...

#.# #..,,* ******,* #.#
#.#*** *,* #.# ##.## *.#
#.###...##########.# ###
#.#o.o........####.#
##.####..#....#####.####.#
#......o###.........^.....
##..####.#.##.#####.......
#..#####@###.########....
#.....##.###.########...#
#........###.##$........#
#####.##.###o##.#####...#
#.##.<...##.##......#
#.##.###.#...#.##.#.#
#.##.###.......##.#.#
#.##.###.#...#.##.#.#
#.##.###.##.##....#.#


You could see Orkwin the orc apostle (divinely empowered).

Vanquished Creatures
  Pikel (D:5)
  Sigmund (D:5)
  Duvessa (D:5)
  A water moccasin (D:6)
  A black bear (D:7)
  3 ogres
  2 centaurs
  Blork the orc (D:6)
  A kobold brigand (D:6)
  2 bullfrogs (D:6)
  2 gnoll sergeants (D:6)
  5 scorpions
  Dowan (D:5)
  2 jellies (D:6)
  An orc priest (D:4)
  2 bombardier beetles
  5 hounds
  Terence (D:3)
  A sleepcap (D:7)
  3 iguanas
  An orc wizard (D:3)
  12 gnolls
  10 adders
  4 ufetubi (D:6)
  3 ribbon worms
  4 dart slugs
  8 orcs
  4 endoplasms
  6 giant cockroaches
  11 goblins
  7 hobgoblins
  4 jackals (D:4)
  2 quokkas
  4 ball pythons
  3 bats
  5 frilled lizards (D:2)
  8 kobolds
  4 rats
137 creatures vanquished.

Notes
Turn   | Place    | Note
-------+----------+-------------------------------------------
     0 | D:1      | Implojin the Mountain Dwarf Monk began the quest for the
                  | Orb.
     0 | D:1      | Reached XP level 1. HP: 19/19 MP: 1/1
   121 | D:1      | Reached skill level 4 in Axes
   139 | D:1      | Reached XP level 2. HP: 14/26 MP: 2/2
   521 | D:1      | Reached skill level 5 in Axes
   765 | D:2      | Found a faded altar of an unknown god.
   772 | D:2      | Reached XP level 3. HP: 31/31 MP: 3/3
  1770 | D:3      | Noticed Terence
  1772 | D:3      | Killed Terence
  1773 | D:3      | Reached skill level 6 in Axes
  1773 | D:3      | Reached XP level 4. HP: 32/38 MP: 4/4
  1806 | D:3      | Found a basalt altar of Yredelemnul.
  2243 | D:3      | Identified the ring of Qoumesid {rN+ Str+6 SInv}
  2329 | D:3      | Reached XP level 5. HP: 45/45 MP: 5/5
  2476 | D:4      | Found a hide-covered altar of Uskayaw.
  2479 | D:4      | Found a white marble altar of Elyvilon.
  2487 | D:4      | Reached skill level 7 in Axes
  2501 | D:4      | Noticed an ogre
  2503 | D:4      | Killed an ogre
  2504 | D:4      | Reached skill level 8 in Axes
  2512 | D:4      | Found Fafucoch's Distillery.
  2520 | D:4      | Reached skill level 1 in Evocations
  2520 | D:4      | Reached XP level 6. HP: 51/51 MP: 6/6
  2529 | D:4      | Bought a potion of heal wounds for 50 gold pieces
  2529 | D:4      | Bought a potion of curing for 30 gold pieces
  2529 | D:4      | Bought a potion of invisibility for 80 gold pieces
  2804 | D:4      | Found Poifae's Antique Armour Shop.
  2818 | D:4      | Found Fapy's Weapon Shoppe.
  2845 | D:4      | Found Ymiss's Armour Shoppe.
  3123 | D:4      | Found Dir Zuar's Antique Armour Shop.
  3373 | D:5      | Entered Level 5 of the Dungeon
  3379 | D:5      | Reached skill level 5 in Fighting
  3379 | D:5      | Reached XP level 7. HP: 61/61 MP: 7/7
  3387 | D:5      | Found a shimmering blue altar of Sif Muna.
  3425 | D:5      | Noticed Duvessa
  3447 | D:5      | Noticed Dowan
  3452 | D:5      | Killed Duvessa
  3453 | D:5      | Reached skill level 9 in Axes
  3456 | D:5      | Killed Dowan
  3549 | D:5      | Became a worshipper of Beogh the Shepherd
  3549 | D:5      | Reached * piety under Beogh
  3549 | D:5      | Reached ** piety under Beogh
  3579 | D:5      | Noticed Sigmund
  3596 | D:5      | Killed Sigmund
  3597 | D:5      | Reached skill level 10 in Axes
  3597 | D:5      | Reached XP level 8. HP: 51/68 MP: 8/8
  3853 | D:5      | Noticed Pikel
  3858 | D:5      | Killed Pikel
  3859 | D:5      | Reached skill level 12 in Axes
  3902 | D:5      | Found a staircase to the Ecumenical Temple.
  4200 | D:6      | Noticed Blork the orc
  4210 | D:6      | Killed Blork the orc
  4290 | D:6      | Reached skill level 5 in Armour
  4296 | D:6      | Reached XP level 9. HP: 49/74 MP: 9/9
  4316 | D:6      | Found a stormy altar of Qazlal.
  4319 | D:6      | Found an iron altar of Okawaru.
  4666 | D:6      | Reached skill level 13 in Axes
  4769 | D:6      | Found a sparkling altar of Nemelex Xobeh.
  4912 | D:6      | Found a blossoming altar of Fedhas.
  5178 | D:7      | Reached *** piety under Beogh
  5254 | D:7      | Noticed Orkwin
  5294 | D:7      | HP: 1/71 [Orkwin the orc apostle/sting (6)]
  5295 | D:7      | Succumbed to Orkwin's sting

Illustrated notes

Levels and vault maps discovered:
D:1:      dpeg_arrival_three_same_balls, layout_basic, minivault_11
D:2:      layout_basic, basic_ecumenical_altar
D:3:      layout_basic, yredelemnul_altar_generic, uniq_terence
D:4:      layout_basic, nicolae_overflow_squiral, serial_shops, shop, shop,
          shop, nicolae_shop_pleasant_corner_grove,
          nicolae_shop_gibbet_a_chance, nicolae_twisty_statue_hallways
D:5:      layout_rooms, mainiacjoe_overflow_small_starburst, temple_statues,
          minmay_holes, chequers_serial_rivers_micro_a, uniq_pikel,
          uniq_duvessa, uniq_sigmund
D:6:      layout_basic, fedhas_ov_isle_minmay, jmf_multi_god_temple2,
          mainiacjoe_overflow_boulevard, uniq_blork_the_orc
D:7:      layout_loops_ring, nicolae_wu_jian_wuxing_cycle,
          nicolae_gozag_conspicuous_consumption, mainiacjoe_overflow_catwalk,
          hellmonk_ghost_happy_afterlife, uniq_maurice

Skill      XL: |  1  2  3  4  5  6  7  8  9 |
---------------+----------------------------+-----
Axes           | 4 5 6 8 10 12 13 | 13.3
Evocations     | 1 3 4 |  4.5
Fighting       | 5 |  5.0
Armour         | 5 |  5.0
Dodging        | |  2.1

Action                     |  1- 3 |  4- 6 |  7- 9 || total
---------------------------+-------+-------+-------++-------
  Melee: Hand axe          |   112 |    77 |   155 ||   344
  Throw: Dart              |       |       |    11 ||    11
         Throwing net      |       |       |     1 ||     1
 Invoke: Convert to Beogh  |       |       |     1 ||     1
  Evoke: Wand              |     2 |     5 |     6 ||    13
    Use: Scroll            |     4 |     2 |     3 ||     9
         Potion            |       |       |     8 ||     8
 Armour: Robe              |    46 |       |       ||    46
         Scale mail        |       |    46 |   141 ||   187
  Dodge: Dodged            |    56 |    72 |   117 ||   245
  Block: Buckler           |       |       |     3 ||     3

Table legend: (Time is in decaauts)
 A = Elapsed time spent in this place.
 B = Non-inter-level travel time spent in this place.
 C = Inter-level travel time spent in this place.
 D = Time resting spent in this place.
 E = Time spent auto-exploring this place.
 F = Levels seen in this place.
 G = Mean time per level.
                   A        B        C        D        E       F      G
               +--------+--------+--------+--------+--------+-----+--------+
         Total |   5345 |   5168 |    177 |    185 |   3633 |   7 |  763.6 |
       Dungeon |   5345 |   5168 |    177 |    185 |   3633 |   7 |  763.6 |
               +--------+--------+--------+--------+--------+-----+--------+

Top non-repeatable levels by time:
     D:6: 1024 daAuts
     D:2: 920 daAuts
     D:4: 920 daAuts
     D:3: 803 daAuts
     D:5: 795 daAuts
     D:1: 762 daAuts
     D:7: 119 daAuts
